AoeStats
← tavoo

Golden Pit

507943915Analyzed
1v1 RM · 13d ago on Sep 20, 2026· 19m 49s· 2 players
Game mode
Random Map
Map size
Tiny (2 player)
Population
200
Speed
Normal
Resources
Standard
Victory
Conquest
Starting age
Dark Age
Ending age
Imperial Age
RankedLock teamsTeams togetherTeam positionsShared explorationLock speedFull tech treeHidden civsTurbo modeCheats
Victory
Defeat
🇭🇰 Wei · Hong Kong SAR China
1387
+17
🇲🇽 Armenians · Mexico
1399
-17
Shadow O.o
4:51 Loom
9:38 Feudal Age
10:27 Double-Bit Axe
15:26 Horse Collar
16:59 Fletching
18:13 Padded Archer Armor
tavoo
6:41 Loom
9:09 Feudal Age
9:27 Man-at-Arms
12:50 Double-Bit Axe
16:39 Fletching
22:06 Castle Age
Connection lost

Rejoining the realm…

Still unreachable

The connection could not be restored.

Session expired

The server has moved on; the page needs a fresh start.